[Event "Titled Tuesday Blitz November 01 Late 2022"]
[White "Petrovic, Aleksa"]
[Black "Silva Lucena, Cristian"]
[WhiteFideId "967629"]
[BlackFideId "2232588"]
[WhiteElo "2242"]
[BlackElo "2223"]
[Result "1-0"]
[Round "08"]
[TimeControl "180+1"]
[Date "2022.11.02"]
[WhiteClock "0:02:33"]
[BlackClock "0:02:06"]

1. e4 c5 2. Nf3 d6 3. d4 cxd4 4. Nxd4 Nf6 5. Nc3 g6 6. f4 Nc6 7. Nxc6 bxc6 8. e5 dxe5 9. Qxd8+ Kxd8 10. fxe5 Ng4 11. Bf4 Bg7 12. O-O-O+ Ke8 13. Nb5 Bd7 14. Nc7+ Kd8 15. e6 fxe6 16. Nxe6+ Kc8 17. Ba6# 1-0


[Site "https://www.chess.com"]

[Event "Titled Tuesday Blitz November 01 Late 2022"]
[White "Piesik, Piotr"]
[Black "Ladan, Nicholas"]
[WhiteFideId "1136194"]
[BlackFideId "30918855"]
[WhiteElo "2323"]
[BlackElo "2167"]
[Result "1-0"]
[Round "08"]
[TimeControl "180+1"]
[Date "2022.11.02"]
[WhiteClock "0:00:07"]
[BlackClock "0:00:04"]

1. Nf3 d5 2. g3 Bg4 3. Bg2 e6 4. O-O Nd7 5. d3 Bd6 6. Nbd2 Ne7 7. e4 c6 8. h3 Bh5 9. Qe1 O-O 10. a4 a5 11. Nb3 dxe4 12. dxe4 Nc5 13. Nxc5 Bxc5 14. Ne5 Qc7 15. Nd3 Bd4 16. Bf4 e5 17. Be3 Rfd8 18. Bxd4 Rxd4 19. Qc3 Be2 20. Rfe1 Bxd3 21. cxd3 Rad8 22. Bf1 Qd6 23. Qxa5 Rb4 24. Qa7 b6 25. a5 bxa5 26. Rxa5 Rxb2 27. Rc1 h5 28. h4 g6 29. Qc5 Qf6 30. Ra7 Rd4 31. Rc2 Rxc2 32. Qxc2 Kg7 33. Qc5 Ng8 34. Be2 Rd8 35. Rc7 Qd6 36. Rxc6 Qb8 37. Kg2 Nf6 38. Qe7 Ng8 39. Qg5 Qb5 40. Rxg6+ fxg6 41. Qxd8 Nf6 42. Qe7+ Kh6 43. Qxf6 Qb8 44. f4 exf4 45. Qxf4+ 1-0


[Site "https://www.chess.com"]

[Event "Titled Tuesday Blitz November 01 Late 2022"]
[White "Plat, Vojtech"]
[Black "Tokhirjonova, Gulrukhbegim"]
[WhiteFideId "325740"]
[BlackFideId "14203626"]
[WhiteElo "2514"]
[BlackElo "2236"]
[Result "1-0"]
[Round "08"]
[TimeControl "180+1"]
[Date "2022.11.02"]
[WhiteClock "0:01:28"]
[BlackClock "0:00:21"]

1. e4 e5 2. Nf3 Nc6 3. Bb5 a6 4. Ba4 Nf6 5. d4 exd4 6. O-O b5 7. Bb3 Nxe4 8. Re1 d5 9. Bxd5 Qxd5 10. Nc3 Qh5 11. Nxe4 Be7 12. Bg5 Be6 13. Bxe7 Nxe7 14. Nxd4 Qxd1 15. Raxd1 O-O 16. Nc5 Nf5 17. Ncxe6 fxe6 18. Nxe6 Rf7 19. f3 h6 20. Kf2 a5 21. Re5 Nd6 22. c3 b4 23. Nxc7 Rxc7 24. Rxd6 bxc3 25. bxc3 Rxc3 26. Re7 Rc2+ 27. Kg3 Kh8 28. a4 Rc4 29. Rdd7 Rg8 30. Re4 Rc5 31. h4 Rf8 32. Rg4 Rg8 33. Rgd4 h5 34. R4d5 Rxd5 35. Rxd5 g6 36. Rxa5 Rc8 37. Ra7 Rc4 38. a5 Ra4 39. f4 Kg8 40. Kf3 Kh8 41. g3 Kg8 42. a6 Kh8 43. Ra8+ Kg7 44. a7 Kh7 45. Ke3 Kg7 46. Kd3 Kh7 47. Kc3 Kg7 48. Kb3 Ra1 49. Kb4 Rb1+ 50. Kc5 Rc1+ 51. Kd5 Rd1+ 52. Ke4 Re1+ 53. Kf3 Ra1 54. f5 gxf5 55. Kf4 Rf1+ 56. Kg5 Ra1 57. Kxh5 Ra5 58. Kg5 Kh7 59. Kf6 Ra6+ 60. Kxf5 Ra5+ 61. Kg4 1-0


[Site "https://www.chess.com"]

[Event "Titled Tuesday Blitz November 01 Late 2022"]
[White "Poliakova, Varvara"]
[Black "Jaferian, Koosha"]
[WhiteFideId "13518313"]
[BlackFideId "12507440"]
[WhiteElo "1938"]
[BlackElo "2127"]
[Result "0-1"]
[Round "08"]
[TimeControl "180+1"]
[Date "2022.11.02"]
[WhiteClock "0:00:42"]
[BlackClock "0:00:16"]

1. f4 g6 2. Nf3 d5 3. g3 c5 4. Bg2 Bg7 5. O-O Nc6 6. d3 Nf6 7. Nc3 d4 8. Ne4 Qb6 9. Nxf6+ Bxf6 10. e4 dxe3 11. c3 Bf5 12. Nh4 Bxh4 13. gxh4 Rd8 14. Bxe3 Rxd3 15. Qe2 O-O 16. h5 Rfd8 17. Qf2 Na5 18. Qf3 Nc4 19. Rae1 Nd2 20. Qf2 Nxf1 21. Bxf1 Rd1 22. Bxc5 Qc6 23. Bd4 Rxe1 24. Qxe1 Qe4 25. Qf2 f6 26. Qg3 Kf7 27. h6 Rxd4 28. cxd4 Qxd4+ 29. Qf2 Qxf2+ 30. Kxf2 g5 31. Kg3 Kg6 32. fxg5 Kxg5 33. h4+ Kxh6 34. Bg2 b6 35. Kf4 Be6 36. a3 Kg7 37. Bc6 h6 38. b4 Kf7 39. Be4 Ba2 40. Bc2 e5+ 41. Kf5 Be6+ 42. Ke4 Ke7 43. Ke3 f5 44. Kd3 Kf6 45. Kc3 f4 46. Be4 Bf5 47. Bc6 e4 48. Kd4 f3 49. Ke3 Ke5 50. Bb7 a5 51. Bc6 axb4 52. axb4 Kd6 53. b5 Kc5 54. Be8 Kb4 55. Bc6 Kc3 56. Bd5 Kc2 57. Bf7 Kd1 58. Bh5 Ke1 59. Bxf3 exf3 60. Kxf3 Bd7 61. Kf4 Bxb5 62. Kf5 h5 0-1


[Site "https://www.chess.com"]

[Event "Titled Tuesday Blitz November 01 Late 2022"]
[White "Prydun, Andriy"]
[Black "Gardezi, Arsal"]
[WhiteFideId "14145898"]
[BlackFideId "30949521"]
[WhiteElo "2163"]
[BlackElo "1906"]
[Result "1-0"]
[Round "08"]
[TimeControl "180+1"]
[Date "2022.11.02"]
[WhiteClock "0:00:56"]
[BlackClock "0:00:04"]

1. e4 e6 2. d3 d5 3. Nd2 Nf6 4. Ngf3 c5 5. g3 Nc6 6. Bg2 Be7 7. O-O O-O 8. e5 Nd7 9. Re1 Qc7 10. Nf1 Ndxe5 11. Nxe5 Nxe5 12. Bf4 Bd6 13. Ne3 Ng6 14. Bxd6 Qxd6 15. d4 Qb6 16. dxc5 Qxb2 17. c4 d4 18. Nc2 e5 19. Qd3 Be6 20. Reb1 Qc3 21. Qxc3 dxc3 22. Bxb7 Rad8 23. Rb4 Rd2 24. Rc1 Bf5 25. Ne3 Rb2 26. Rb5 Bh3 27. Rxb2 cxb2 28. Rb1 f5 29. Rxb2 f4 30. Nd5 fxg3 31. hxg3 e4 32. c6 Ne5 33. c7 Nxc4 34. Rc2 Nd6 35. c8=Q Bxc8 36. Bxc8 1-0


[Site "https://www.chess.com"]

[Event "Titled Tuesday Blitz November 01 Late 2022"]
[White "Przybylski, Wojciech"]
[Black "Putnam, Liam"]
[WhiteFideId "1117599"]
[BlackFideId "30938279"]
[WhiteElo "2221"]
[BlackElo "2082"]
[Result "1-0"]
[Round "08"]
[TimeControl "180+1"]
[Date "2022.11.02"]
[WhiteClock "0:00:13"]
[BlackClock "0:00:01"]

1. e4 e5 2. Nf3 Nc6 3. Bb5 a6 4. Ba4 Nf6 5. O-O b5 6. Bb3 Bc5 7. c3 d6 8. d3 O-O 9. h3 h6 10. Re1 Bb7 11. Nbd2 Re8 12. Nf1 a5 13. a4 b4 14. Ng3 Rb8 15. Bd2 Bb6 16. Bc4 bxc3 17. bxc3 d5 18. exd5 Nxd5 19. Nf5 Qd7 20. N3h4 Nf6 21. Bxh6 gxh6 22. Nxh6+ Kh7 23. Nxf7 Rg8 24. Qf3 Qe7 25. Qf5+ Kg7 26. Ng5 Kf8 27. Ng6+ Rxg6 28. Qxg6 Nd8 29. Nh7+ Qxh7 30. Qxf6+ Nf7 31. Rxe5 Qg7 32. Qe7+ Kg8 33. Rg5 Rf8 34. Rxg7+ Kxg7 35. Re1 Bc8 36. Re4 Bf5 37. Rf4 Bg6 38. Qf6+ Kh7 39. Rh4+ Nh6 40. Qxf8 Bf5 1-0


[Site "https://www.chess.com"]

[Event "Titled Tuesday Blitz November 01 Late 2022"]
[White "Qashashvili, Alexandre"]
[Black "Hemam, Moulaye Brahim"]
[WhiteFideId "13600842"]
[BlackFideId "19600054"]
[WhiteElo "2405"]
[BlackElo "2088"]
[Result "1-0"]
[Round "08"]
[TimeControl "180+1"]
[Date "2022.11.02"]
[WhiteClock "0:00:56"]
[BlackClock "0:00:04"]

1. e4 d6 2. Nc3 Nf6 3. Nf3 e5 4. d4 exd4 5. Nxd4 Be7 6. Bg5 O-O 7. Bd3 h6 8. Bh4 Bd7 9. O-O Nc6 10. Nxc6 Bxc6 11. h3 Re8 12. Bg3 d5 13. exd5 Nxd5 14. Nxd5 Qxd5 15. f3 Rad8 16. Kh2 Bd6 17. Bxd6 Rxd6 18. Kh1 Qe5 19. Re1 Qxb2 20. Rxe8+ Bxe8 21. Rb1 Qc3 22. Rxb7 Re6 23. Rb1 g6 24. Qc1 Kg7 25. Qf4 c5 26. h4 Rf6 27. Qc4 Qd4 28. Qxd4 cxd4 29. Rb7 a6 30. Kh2 Rd6 31. Ra7 Bb5 32. Bxb5 axb5 33. Rb7 Rd5 34. Kg3 Rc5 35. a3 Rxc2 36. Rxb5 d3 37. Rd5 d2 38. a4 Ra2 39. a5 f5 40. Kf4 Kf6 41. Ke3 g5 42. hxg5+ hxg5 43. Rxd2 f4+ 44. Ke2 Rxa5 45. Rd6+ Kf5 46. Kf2 Re5 47. Ra6 Rc5 48. Kg1 Rd5 49. Kh2 Rc5 50. Kh3 Rd5 51. Ra8 Rd6 52. Ra5+ Kf6 53. Kg4 Rd2 54. Rf5+ Ke6 55. Rxg5 Rxg2+ 56. Kxf4 Ra2 57. Rg6+ Kf7 58. Rb6 Ra7 59. Kg5 Ra5+ 60. Kg4 Ra4+ 61. f4 Ra7 62. Kg5 Ra5+ 63. f5 Ra7 64. Rh6 Kg7 65. f6+ Kg8 66. Rg6+ Kf8 67. Rh6 1-0


[Site "https://www.chess.com"]

[Event "Titled Tuesday Blitz November 01 Late 2022"]
[White "Ramirez, Alejandro"]
[Black "Chigaev, Maksim"]
[WhiteFideId "6500617"]
[BlackFideId "4108116"]
[WhiteElo "2694"]
[BlackElo "2537"]
[Result "0-1"]
[Round "08"]
[TimeControl "180+1"]
[Date "2022.11.01"]
[WhiteClock "0:00:24"]
[BlackClock "0:00:23"]

1. Nf3 Nf6 2. c4 e6 3. g3 d5 4. b3 d4 5. Bg2 Nc6 6. O-O e5 7. d3 h6 8. b4 e4 9. dxe4 Bxb4 10. e5 Nd7 11. Nxd4 Ndxe5 12. Nxc6 Qxd1 13. Rxd1 Nxc6 14. Bf4 O-O 15. a3 Ba5 16. Nd2 Bg4 17. Nb3 Bc3 18. Ra2 Rad8 19. Rxd8 Rxd8 20. h3 Bf5 21. e4 Be6 22. Nc5 Bxc4 23. Rc2 Nd4 24. Rxc3 Ne2+ 25. Kh2 Nxc3 26. Nxb7 Rd1 27. Na5 Bf1 28. Bf3 Ra1 29. Bxc7 Rxa3 30. Nc6 Nb5 31. Ne7+ Kf8 0-1


[Site "https://www.chess.com"]

[Event "Titled Tuesday Blitz November 01 Late 2022"]
[White "Rangel, Daniel"]
[Black "Han, Yichen"]
[WhiteFideId "2124475"]
[BlackFideId "1054430"]
[WhiteElo "2225"]
[BlackElo "2323"]
[Result "0-1"]
[Round "08"]
[TimeControl "180+1"]
[Date "2022.11.02"]
[WhiteClock "0:00:02"]
[BlackClock "0:00:04"]

1. c4 e5 2. g3 Nc6 3. Bg2 f5 4. Nc3 Nf6 5. e3 Bb4 6. Nge2 d6 7. O-O Bxc3 8. Nxc3 O-O 9. d4 Qe8 10. Nd5 Nxd5 11. cxd5 Nb8 12. dxe5 Qxe5 13. Qc2 Rf7 14. Bd2 b6 15. Bc3 Qe7 16. b4 Nd7 17. Bd4 Ne5 18. Rfc1 Bb7 19. Qb2 Re8 20. a4 Nd3 21. Qc3 Nxc1 22. Rxc1 Qd7 23. b5 a6 24. bxa6 Bxa6 25. a5 bxa5 26. Qxa5 Bd3 27. h4 Be4 28. Bf1 Rb8 29. Be2 f4 30. Kh2 fxg3+ 31. Kxg3 Rbf8 32. f4 Qf5 33. Rg1 Qxd5 34. Qa6 Qc6 35. Qa2 d5 36. Qa1 Qg6+ 37. Kf2 Qh6 38. h5 c6 39. Bg4 Re8 0-1


[Site "https://www.chess.com"]

[Event "Titled Tuesday Blitz November 01 Late 2022"]
[White "Rios Escobar, Adan"]
[Black "Perske, Thore"]
[WhiteFideId "3403645"]
[BlackFideId "12902195"]
[WhiteElo "2343"]
[BlackElo "2336"]
[Result "0-1"]
[Round "08"]
[TimeControl "180+1"]
[Date "2022.11.02"]
[WhiteClock "0:00:02"]
[BlackClock "0:00:11"]

1. d4 d5 2. c4 c6 3. Nf3 Nf6 4. g3 Bf5 5. Nc3 e6 6. Nh4 Be4 7. f3 Bg6 8. Qb3 Qb6 9. Nxg6 hxg6 10. c5 Qc7 11. e4 b6 12. Bf4 Qd8 13. Bg5 Nbd7 14. e5 bxc5 15. exf6 gxf6 16. Be3 cxd4 17. Bxd4 c5 18. Bf2 c4 19. Qa4 Bd6 20. O-O-O Qe7 21. h4 Kf8 22. Nb5 Bc5 23. Bxc5 Nxc5 24. Qa3 Rb8 25. Nd4 Rb6 26. Kb1 Kg7 27. Ka1 Rhb8 28. Rh2 e5 29. Qe3 Qb7 30. h5 Rxb2 31. Nb3 Rxh2 32. Qxc5 cxb3 33. a4 b2+ 34. Kb1 Qb3 0-1


[Site "https://www.chess.com"]

[Event "Titled Tuesday Blitz November 01 Late 2022"]
[White "Roman, Rodrigo"]
[Black "Kanyamarala, Tarun"]
[WhiteFideId "3701220"]
[BlackFideId "45004714"]
[WhiteElo "2001"]
[BlackElo "2307"]
[Result "0-1"]
[Round "08"]
[TimeControl "180+1"]
[Date "2022.11.02"]
[WhiteClock "0:00:01"]
[BlackClock "0:00:30"]

1. e4 c5 2. Nf3 e6 3. d4 cxd4 4. Nxd4 a6 5. Nc3 b5 6. a3 Bb7 7. g3 Nc6 8. Bg2 Nxd4 9. Qxd4 Qc8 10. Be3 Nf6 11. f3 Be7 12. Rd1 O-O 13. O-O d5 14. f4 Nxe4 15. Nxe4 dxe4 16. Bxe4 Bf6 17. Bxb7 Bxd4 18. Bxc8 Bxe3+ 19. Kg2 Raxc8 20. c3 Bc5 21. Rd7 Rfd8 22. Rfd1 Bb6 23. Kf3 Kf8 24. Ke2 Ke8 25. R7d6 Rb8 26. h4 Ke7 27. Rxd8 Rxd8 28. Rh1 h5 29. Ra1 Rb8 30. a4 Bc5 31. b4 Bd6 32. axb5 axb5 33. Ra7+ Kf6 34. Kd3 g6 35. Ke4 Rc8 36. Kd3 Bf8 37. Rb7 Rd8+ 38. Ke3 Rd1 39. Rxb5 Rg1 40. Kf2 Rc1 41. Rb8 Be7 42. Rc8 Bxb4 43. c4 Kf5 44. Rc7 f6 45. Rc6 e5 46. fxe5 fxe5 47. Rc7 Bc3 48. Rf7+ Ke4 49. Rg7 Bd4+ 50. Ke2 Kf5 51. Rc7 Rc3 52. Kd2 Rxg3 53. c5 Ke4 54. c6 Rg2+ 55. Kd1 Be3 56. Rd7 Rg1+ 57. Ke2 Rc1 58. c7 Rc2+ 59. Kd1 Rc6 60. Ke2 Bd4 61. Rg7 Bc3 62. Rxg6 Rxc7 63. Rh6 Bd4 64. Rxh5 Rc2+ 65. Kd1 Rh2 66. Rh7 Kd3 67. Ke1 Rh1# 0-1


[Site "https://www.chess.com"]

[Event "Titled Tuesday Blitz November 01 Late 2022"]
[White "Romero Ruscalleda, Josep"]
[Black "Bettalli, Francesco"]
[WhiteFideId "2231859"]
[BlackFideId "2816453"]
[WhiteElo "2304"]
[BlackElo "2216"]
[Result "0-1"]
[Round "08"]
[TimeControl "180+1"]
[Date "2022.11.02"]
[WhiteClock "0:00:30"]
[BlackClock "0:01:42"]

1. e4 g6 2. d4 Bg7 3. Nc3 c6 4. Be2 d5 5. Be3 dxe4 6. Nxe4 Nf6 7. Nxf6+ exf6 8. Nf3 O-O 9. O-O Be6 10. Qd2 Nd7 11. Bh6 Nb6 12. Bxg7 Kxg7 13. b3 Re8 14. c4 Bg4 15. h3 Bxf3 16. Bxf3 Re7 17. a4 Rd7 18. Rad1 a5 19. Rfe1 Nc8 20. Qc3 Nd6 21. d5 c5 22. Re2 h5 23. Rde1 Nf5 24. Re4 Qc7 25. Re8 Rxe8 26. Rxe8 Re7 27. Rxe7 Nxe7 28. Qd2 Nc8 29. g3 b6 30. Kg2 Qd6 31. Qe3 Ne7 32. Be4 Nc8 33. Kf3 Qe5 34. Qf4 Nd6 35. Qxe5 fxe5 36. Bc2 f5 37. Ke3 Kf6 38. f4 g5 39. fxg5+ Kxg5 40. Bd1 h4 41. Kf3 e4+ 42. Kf2 hxg3+ 43. Kxg3 f4+ 44. Kf2 f3 45. Ke3 Kf5 46. h4 Ke5 47. h5 Nf5+ 48. Kf2 Kf4 49. Bc2 e3+ 50. Ke1 f2+ 51. Kf1 Ng3+ 52. Kg2 f1=Q+ 0-1


[Site "https://www.chess.com"]

[Event "Titled Tuesday Blitz November 01 Late 2022"]
[White "Rose, Felix"]
[Black "Tan, Ralph"]
[WhiteFideId "5105722"]
[BlackFideId "30966590"]
[WhiteElo "2039"]
[BlackElo "2059"]
[Result "0-1"]
[Round "08"]
[TimeControl "180+1"]
[Date "2022.11.02"]
[WhiteClock "0:00:15"]
[BlackClock "0:00:10"]

1. e4 e6 2. d4 d5 3. Nc3 Nf6 4. e5 Nfd7 5. f4 c5 6. Nf3 Nc6 7. Be3 a6 8. Qd2 cxd4 9. Nxd4 Bc5 10. O-O-O Nxd4 11. Bxd4 b5 12. h4 b4 13. Ne2 a5 14. Bxc5 Nxc5 15. Nd4 O-O 16. Bd3 Qb6 17. Kb1 a4 18. Rh3 b3 19. cxb3 axb3 20. a3 Ba6 21. Bxa6 Rxa6 22. Rc1 Ne4 23. Qe3 Rb8 24. Rc6 Qa5 25. Rxa6 Qxa6 26. Qd3 Qa5 27. Rh1 Nf2 28. Nc6 Qb6 29. Qf1 Nxh1 30. Nxb8 Ng3 31. Qe1 Ne4 32. Nd7 Qc6 33. Nb8 Qb7 34. Qb4 Qc7 35. Nc6 h6 36. Qb8+ Qxb8 37. Nxb8 Kf8 38. Nc6 Ke8 39. Nd4 Nc5 40. Kc1 Kd7 41. Kd2 Kc7 42. Kc3 Kb6 43. Nxb3 Ne4+ 44. Kd4 Ng3 45. Nc1 Nf5+ 46. Kd3 Nxh4 47. b4 Nxg2 48. a4 Nxf4+ 49. Kd4 h5 50. Nd3 Nxd3 51. Kxd3 h4 52. Ke3 h3 53. a5+ Kb5 54. Kf2 g5 55. Kg3 g4 56. Kh2 d4 57. Kg3 d3 58. Kf2 d2 59. Ke2 h2 60. Kxd2 h1=Q 61. a6 Qa8 62. a7 Qxa7 0-1


[Site "https://www.chess.com"]

[Event "Titled Tuesday Blitz November 01 Late 2022"]
[White "Rustemov, Alexander"]
[Black "Gorodetzky, David"]
[WhiteFideId "4119002"]
[BlackFideId "2813416"]
[WhiteElo "2923"]
[BlackElo "2487"]
[Result "1-0"]
[Round "08"]
[TimeControl "180+1"]
[Date "2022.11.01"]
[WhiteClock "0:00:46"]
[BlackClock "0:00:02"]

1. d4 Nf6 2. c4 b6 3. f3 Nc6 4. e4 e5 5. Ne2 Bb4+ 6. Bd2 exd4 7. Bxb4 Nxb4 8. Nxd4 O-O 9. Nc3 Bb7 10. Qd2 d6 11. Be2 Re8 12. O-O Nc6 13. Nf5 Ne7 14. Ne3 Ng6 15. Rad1 Nf4 16. Rfe1 Nxe2+ 17. Rxe2 Re6 18. Nf5 Qf8 19. Nd5 Rc8 20. Nd4 Bxd5 21. cxd5 Ree8 22. g3 g6 23. Kg2 a5 24. Rc1 Nd7 25. b3 h5 26. a3 Qg7 27. h4 Qf6 28. b4 axb4 29. axb4 Ne5 30. Qg5 Qg7 31. Qe3 Re7 32. Rec2 Ra8 33. Rxc7 Rxc7 34. Rxc7 Ra2+ 35. Rc2 Nc4 36. Qd3 Rxc2+ 37. Nxc2 b5 38. Nd4 Ne5 39. Qc3 Qf6 40. Nxb5 Qd8 41. Nd4 Qa8 42. Qd2 Qa3 43. Nc6 Nc4 44. Qe2 Ne3+ 45. Kf2 1-0


[Site "https://www.chess.com"]

[Event "Titled Tuesday Blitz November 01 Late 2022"]
[White "Santos Flores, Alberto"]
[Black "Arnold, Ken"]
[WhiteFideId "3601234"]
[BlackFideId "2056836"]
[WhiteElo "2235"]
[BlackElo "2321"]
[Result "1/2-1/2"]
[Round "08"]
[TimeControl "180+1"]
[Date "2022.11.02"]
[WhiteClock "0:00:59"]
[BlackClock "0:00:45"]

1. e4 c6 2. d4 d5 3. Nc3 dxe4 4. Nxe4 Bf5 5. Ng3 Bg6 6. h4 h6 7. Nf3 Nd7 8. h5 Bh7 9. Bd3 Ngf6 10. Bxh7 Nxh7 11. Bf4 e6 12. Qd2 Be7 13. O-O-O Ng5 14. Ne5 Nxe5 15. Bxe5 Bf6 16. f4 Nh7 17. Ne4 O-O 18. g4 Bxe5 19. fxe5 Ng5 20. Nxg5 Qxg5 21. Qxg5 hxg5 22. c3 Kh7 23. Rhf1 Rad8 24. Rf3 Rd7 25. Rdf1 Kg8 26. b4 a5 27. a3 axb4 28. axb4 Ra8 29. Kb2 b6 30. Ra1 Rxa1 31. Kxa1 Ra7+ 32. Kb2 Kf8 33. Rf1 Ke7 34. Ra1 Rxa1 35. Kxa1 f5 36. exf6+ gxf6 37. Kb2 f5 38. gxf5 exf5 39. Kc2 b5 40. c4 bxc4 41. d5 g4 42. dxc6 g3 43. c7 Kd7 44. h6 g2 45. h7 Kxc7 46. h8=Q g1=Q 47. Qe5+ Kc6 48. Qxf5 Qd4 49. Qc5+ Qxc5 50. bxc5 Kxc5 51. Kc3 Kd5 52. Kc2 Kd4 53. Kd2 c3+ 54. Kc2 Kc4 55. Kc1 Kc5 56. Kc2 Kb4 57. Kc1 Kb3 58. Kb1 c2+ 59. Kc1 Kc3 1/2-1/2


[Site "https://www.chess.com"]

[Event "Titled Tuesday Blitz November 01 Late 2022"]
[White "Sarana, Alexey"]
[Black "Pakleza, Zbigniew"]
[WhiteFideId "24133795"]
[BlackFideId "1119290"]
[WhiteElo "2689"]
[BlackElo "2411"]
[Result "1-0"]
[Round "08"]
[TimeControl "180+1"]
[Date "2022.11.01"]
[WhiteClock "0:00:26"]
[BlackClock "0:00:01"]

1. c4 c6 2. Nf3 d5 3. d4 Nf6 4. Nc3 Qb6 5. e3 Bf5 6. Be2 e6 7. O-O Nbd7 8. Nh4 Be4 9. f3 Bg6 10. f4 Be4 11. a3 Be7 12. Nf3 h6 13. b4 O-O 14. Bd2 Bh7 15. Ne5 Nxe5 16. fxe5 Ne4 17. Nxe4 Bxe4 18. Be1 dxc4 19. Bxc4 Rad8 20. Qg4 Bf5 21. Qf4 Bg5 22. Qf2 Bg6 23. a4 a6 24. g4 Qc7 25. h4 Be7 26. Qg2 Kh8 27. g5 h5 28. Be2 Kg8 29. Bf3 Qb6 30. Qe2 Rxd4 31. exd4 Qxd4+ 32. Bf2 Qxb4 33. Bxh5 Bf5 34. Bf3 Bc5 35. Bxc5 Qxc5+ 36. Kg2 Qb4 37. Kg3 a5 38. Qe3 b5 39. Bxc6 1-0


[Site "https://www.chess.com"]

[Event "Titled Tuesday Blitz November 01 Late 2022"]
[White "Saucey, Michel"]
[Black "Vifleemskaia, Svetlana"]
[WhiteFideId "601845"]
[BlackFideId "4129490"]
[WhiteElo "2253"]
[BlackElo "1929"]
[Result "0-1"]
[Round "08"]
[TimeControl "180+1"]
[Date "2022.11.02"]
[WhiteClock "0:00:01"]
[BlackClock "0:00:02"]

1. d4 Nf6 2. Nf3 d5 3. c4 dxc4 4. e3 a6 5. Bxc4 b5 6. Bd3 Bb7 7. O-O e6 8. Qe2 c5 9. dxc5 Bxc5 10. a4 b4 11. Nbd2 O-O 12. Nc4 a5 13. e4 Nbd7 14. Bf4 Nh5 15. Be3 Bxe3 16. Qxe3 Qc7 17. Rac1 Qf4 18. g3 Qxe3 19. Nxe3 Rac8 20. Nc4 Nc5 21. Bb1 Bxe4 22. Bxe4 Nxe4 23. Nxa5 Ra8 24. Rc4 Nhf6 25. Nc6 Rxa4 26. Re1 Nd6 27. Rxb4 Rxb4 28. Nxb4 Rb8 29. Nd3 Rb3 30. Nfe5 Nd5 31. Ra1 g6 32. Ra8+ Kg7 33. Rd8 Nc4 34. Rd7 Kg8 35. Nxc4 Rxd3 36. Ne5 Rd1+ 37. Kg2 f6 38. Rd8+ Kg7 39. Nc6 Rc1 40. Rd7+ Kg8 41. Nd8 e5 42. Ne6 Nb6 43. Rg7+ Kh8 44. Rb7 Nc8 45. Rb8 h5 46. b4 Kh7 47. b5 Nd6 48. b6 Rb1 49. Nd8 Nc4 50. b7 Nd6 0-1


[Site "https://www.chess.com"]

[Event "Titled Tuesday Blitz November 01 Late 2022"]
[White "Shapiro, Daniel"]
[Black "Muhammad, Shahzeb"]
[WhiteFideId "2001780"]
[BlackFideId "7804806"]
[WhiteElo "2290"]
[BlackElo "2397"]
[Result "1/2-1/2"]
[Round "08"]
[TimeControl "180+1"]
[Date "2022.11.02"]
[WhiteClock "0:00:12"]
[BlackClock "0:00:29"]

1. d4 Nf6 2. c4 e6 3. g3 Bb4+ 4. Bd2 Qe7 5. Qc2 Nc6 6. e3 O-O 7. Bg2 a5 8. Nc3 d6 9. a3 Bxc3 10. Bxc3 e5 11. Ne2 a4 12. h3 Re8 13. O-O Bd7 14. Rae1 Na5 15. g4 Nxc4 16. Bxb7 Rab8 17. Bg2 c5 18. Ng3 Rec8 19. f4 Bb5 20. g5 Ne8 21. Nf5 Qc7 22. Be4 cxd4 23. exd4 Nxa3 24. bxa3 Bxf1 25. Rxf1 Qxc3 26. Ne7+ Kf8 27. Nxc8 Qxc2 28. Bxc2 Rxc8 29. Bxa4 Rc3 30. fxe5 dxe5 31. dxe5 Rxh3 32. e6 f6 33. Bxe8 Kxe8 34. gxf6 gxf6 35. Rxf6 Rxa3 36. Rf7 h5 37. Rh7 Re3 38. Kh2 1/2-1/2


[Site "https://www.chess.com"]

[Event "Titled Tuesday Blitz November 01 Late 2022"]
[White "Sjugirov, Sanan"]
[Black "Sanal, Vahap"]
[WhiteFideId "4189302"]
[BlackFideId "6300545"]
[WhiteElo "2609"]
[BlackElo "2574"]
[Result "1-0"]
[Round "08"]
[TimeControl "180+1"]
[Date "2022.11.01"]
[WhiteClock "0:00:05"]
[BlackClock "0:00:01"]

1. Nf3 d6 2. d4 Nf6 3. c4 g6 4. Nc3 Bg7 5. e4 Bg4 6. h3 Bxf3 7. Qxf3 Nc6 8. Be3 e5 9. d5 Nd4 10. Qd1 O-O 11. Bd3 c5 12. dxc6 bxc6 13. b4 Nd7 14. O-O f5 15. exf5 gxf5 16. Bxd4 exd4 17. Nb1 Ne5 18. Qc2 f4 19. Nd2 f3 20. g3 Qd7 21. Kh2 Rf6 22. h4 Raf8 23. Rh1 Ng4+ 24. Kg1 Ne3 25. Qa4 h6 26. h5 Ng4 27. Rh4 Ne5 28. Qc2 Re8 29. Re1 Nxd3 30. Rxe8+ Qxe8 31. Qxd3 Qe1+ 32. Nf1 Qe2 33. Rxd4 Bf8 34. Rg4+ Bg7 35. Qd4 Rf7 36. Qxd6 Re7 37. Qb8+ Re8 38. Qc7 Re7 39. Qc8+ Re8 40. Qxc6 Re7 41. Qd5+ Kh7 42. Qf5+ Kh8 43. Rf4 Qxa2 44. Rxf3 Qxc4 45. Rf4 Qa6 46. Ne3 Qa1+ 47. Kg2 Qa6 48. Nd5 Qb7 49. Rf3 Rd7 50. Nf4 Rd6 51. Ng6+ Kg8 52. Qg4 Rf6 53. Nf4 Rf8 54. Qe6+ Kh7 55. Qg6+ Kh8 56. Qd3 Kg8 57. b5 Rf7 58. Qd8+ Kh7 59. Qd3+ Kg8 60. Qd5 Qxd5 61. Nxd5 Rb7 62. Rb3 Kf7 63. b6 a6 64. Nc7 a5 65. Nd5 Ke6 66. Rb5 a4 67. Nf4+ Kd6 68. Ra5 Rxb6 69. Rxa4 Be5 70. Nd3 Bf6 71. Rg4 Ke6 72. Rg6 Kf7 73. Rxh6 Rb3 74. Nc5 Rb2 75. Ne4 Bd4 76. Rd6 Be5 77. Rd5 Ke6 78. Rd3 Kf5 79. Nc5 Kg5 80. Rd5 Kg4 81. Nd3 1-0


[Site "https://www.chess.com"]

[Event "Titled Tuesday Blitz November 01 Late 2022"]
[White "Souleidis, Georgios"]
[Black "Leitao, Rafael"]
[WhiteFideId "4206827"]
[BlackFideId "2101246"]
[WhiteElo "2401"]
[BlackElo "2609"]
[Result "1-0"]
[Round "08"]
[TimeControl "180+1"]
[Date "2022.11.02"]
[WhiteClock "0:00:06"]
[BlackClock "0:00:33"]

1. e4 c5 2. Be2 Nc6 3. d3 d6 4. f4 g6 5. Nf3 Bg7 6. O-O Nf6 7. c3 O-O 8. Kh1 Rb8 9. Be3 b5 10. a3 Bb7 11. Nbd2 a5 12. d4 cxd4 13. cxd4 d5 14. e5 Ne4 15. Bxb5 Qb6 16. Bd3 Ba6 17. Bxa6 Qxa6 18. Nxe4 dxe4 19. Ng5 Rfd8 20. Nxe4 Nxd4 21. Bxd4 Qc4 22. Qc1 Rxd4 23. Qxc4 Rxc4 24. Nc3 Rxb2 25. Rac1 Bf8 26. Nd5 Rxc1 27. Rxc1 Ra2 28. h4 Rxa3 29. Rc8 Kg7 30. Nc7 a4 31. Ne8+ Kh6 32. Ra8 Kh5 33. Nc7 Bh6 34. Nd5 Kg4 35. Kh2 Bxf4+ 36. Nxf4 Kxf4 37. Ra7 Kxe5 38. Rxe7+ Kf6 39. Ra7 h5 40. g3 Ra2+ 41. Kh3 Kg7 42. Ra6 f6 43. Ra7+ Kf8 44. Ra6 Kf7 45. Ra7+ Ke6 46. Ra6+ Kf5 47. Ra5+ Ke4 48. Ra6 g5 49. hxg5 1-0


[Site "https://www.chess.com"]

[Event "Titled Tuesday Blitz November 01 Late 2022"]
[White "Svane, Rasmus"]
[Black "Pap, Gyula"]
[WhiteFideId "4657101"]
[BlackFideId "725323"]
[WhiteElo "2674"]
[BlackElo "2519"]
[Result "1-0"]
[Round "08"]
[TimeControl "180+1"]
[Date "2022.11.01"]
[WhiteClock "0:01:37"]
[BlackClock "0:01:20"]

1. Nf3 d5 2. g3 Nd7 3. d4 Ngf6 4. Bg2 e6 5. c4 dxc4 6. O-O Rb8 7. a4 a6 8. a5 Bd6 9. Nfd2 b5 10. axb6 Nxb6 11. Qc2 O-O 12. Nxc4 Nxc4 13. Qxc4 Bd7 14. Nc3 Bb5 15. Nxb5 axb5 16. Qc2 Qe7 17. Bc6 e5 18. dxe5 Bxe5 19. Be3 Ng4 20. Bc5 Bd6 21. Bxd6 cxd6 22. Bf3 Ne5 23. Bd5 Rfc8 24. Qe4 Ng6 25. Rfd1 Qf6 26. Ra7 Rf8 27. Rc1 Rbe8 28. Rxf7 1-0


[Site "https://www.chess.com"]